 Dungeon Crawl Stone Soup version 0.22.1-1-ga44c0e5 (webtiles) character file.

123 magicm the Skirmisher (level 5, -3/42 HPs)
             Began as a Human Fighter on Nov 10, 2018.
             Slain by a scorpion (6 damage)
             ... on level 4 of the Dungeon.
             The game lasted 00:11:09 (2633 turns).

magicm the Skirmisher (Human Fighter)               Turns: 2633, Time: 00:11:10

Health: -3/42      AC:  6    Str: 17    XL:     5   Next: 28%
Magic:  5/5        EV:  7    Int:  8    God:
Gold:   177        SH:  9    Dex: 13    Spells: 4/4 levels left

rFire    . . .     SeeInvis .   a - +0 long sword
rCold    . . .     Gourm    .   c - +0 shield
rNeg     . . .     Faith    .   b - +0 scale mail
rPois    .         Spirit   .   (no helmet)
rElec    .         Reflect  .   (no cloak)
rCorr    .         Harm     .   (no gloves)
MR       .....                  (no boots)
Stlth    ..........             (no amulet)
HPRegen  0.14/turn              (no ring)
MPRegen  0.09/turn              (no ring)

@: lethally poisoned (-3 -> -11)
A: no striking features
a: no special abilities


You were on level 4 of the Dungeon.
You were not hungry.

You visited 1 branch of the dungeon, and saw 4 of its levels.
You also visited: Sewer.

You collected 177 gold pieces.

Inventory:

Hand Weapons
 a - a +0 long sword (weapon)
 u - a +0 glaive
Armour
 b - a +0 scale mail (worn)
 c - a +0 shield (worn)
Jewellery
 g - an uncursed amulet of harm
Wands
 o - a wand of clouds (6)
 p - a wand of digging (12)
 r - a wand of disintegration (12)
Scrolls
 h - 5 scrolls of remove curse
 m - 2 scrolls of teleportation
 s - 3 scrolls of fear
 t - a scroll of fog
 v - a scroll of amnesia
Potions
 d - a potion of might
 e - a potion of haste
 i - a potion of agility {unknown}
 j - a potion of curing
 k - 2 potions of brilliance {unknown}
 l - a potion of heal wounds {unknown}
 n - a potion of flight {unknown}
 q - a potion of cancellation {unknown}
 w - a potion of lignification {unknown}
Comestibles
 f - 6 rations


   Skills:
 + Level 3.6 Fighting
 + Level 3.2 Long Blades
 + Level 3.6 Armour
 + Level 0.6 Dodging
 + Level 3.6 Shields


You had 4 spell levels left.
You didn't know any spells.
Your spell library was empty.

Dungeon Overview and Level Annotations

Branches:
Dungeon (4/15)
 Temple: D:4-7

Altars:


Message History

A scorpion comes into view.
You feel sick. You block the scorpion's attack.
Found 4 poisoned javelins.
You hit the scorpion but do no damage. The scorpion stings you.
You are more poisoned.
The scorpion poisons you!
Your shield and scale mail prevent you from hitting the scorpion.
* * * LOW HITPOINT WARNING * * *
You feel sick. The scorpion stings you!
* * * LOW HITPOINT WARNING * * *
You block the scorpion's attack.
You barely miss the scorpion.
* * * LOW HITPOINT WARNING * * *
You feel sick. You block the scorpion's attack.
You hit the scorpion.
The scorpion is lightly wounded.
* * * LOW HITPOINT WARNING * * *
You feel sick. The scorpion stings you.
You die...

#.# #.# # #.# #.#
# #.####.###
#.........
######....
##############.###
#...........##.#
#.######..))...#
#@# #...†##.# #s#
##.#.##.# #.#
#.#.##.# #.#
#.#?..<. #.#
#.####.# #.# #.#
#.# #.# #. .# #(#
#.


You could see a scorpion.

Vanquished Creatures
  5 adders
  A river rat (Sewer)
  A worm (D:3)
  A dart slug (D:1)
  A leopard gecko (D:3)
  4 orcs
  4 ball pythons (Sewer)
  3 giant cockroaches
  2 goblins (D:1)
  6 hobgoblins
  4 jackals
  2 kobolds
  A quokka (D:2)
  3 bats
  9 frilled lizards
  19 rats
66 creatures vanquished.

Notes
Turn   | Place    | Note
-------+----------+-------------------------------------------
     0 | D:1      | magicm the Human Fighter began the quest for the Orb.
     0 | D:1      | Reached XP level 1. HP: 18/18 MP: 1/1
   179 | D:1      | Reached XP level 2. HP: 24/24 MP: 2/2
   922 | D:2      | Reached XP level 3. HP: 29/29 MP: 3/3
  1128 | D:2      | Found a faded altar of an unknown god.
  1581 | D:3      | HP: 1/29 [rat (2)]
  1613 | D:3      | Reached XP level 4. HP: 11/35 MP: 4/4
  1958 | D:3      | Found a glowing drain.
  1962 | Sewer    | Entered a sewer
  2081 | Sewer    | Reached XP level 5. HP: 19/41 MP: 5/5
  2633 | D:4      | Slain by a scorpion

Skill      XL: |  1  2  3  4 |
---------------+-------------+-----
Long Blades    | 3 |  3.2
Fighting       | |  3.6
Armour         | |  3.6
Dodging        | |  0.6
Shields        | |  3.6

Action                   |  1- 3 |  4- 6 || total
-------------------------+-------+-------++-------
Melee: Long sword        |   139 |   130 ||   269
  Use: Scroll            |     7 |     3 ||    10
       Potion            |     2 |     2 ||     4
  Eat: Ration            |     1 |     1 ||     2
       Chunk             |       |     2 ||     2
Armor: Scale mail        |    79 |    57 ||   136
Dodge: Dodged            |    47 |    45 ||    92
Block: Shield            |    85 |    73 ||   158
       Rpst.: Long sword |    11 |    16 ||    27
